 Dungeon Crawl Stone Soup version 0.23.1 (webtiles) character file.

Game seed: 0

516755 Lauz the Swordmaster (level 24, -9/240 HPs)
             Began as a Minotaur Berserker on Mar 11, 2019.
             Was the Champion of Trog.
             Mangled by an angel
             ... wielding a +3 whip of holy wrath
             ... summoned by an orange crystal statue
              (12 damage)
             ... on level 3 of the Abyss on Mar 12, 2019.
             The game lasted 04:55:06 (73657 turns).

Lauz the Swordmaster (Minotaur Berserker)          Turns: 73657, Time: 04:55:07

Health: -9/240     AC: 36    Str: 37      XL:     24   Next: 51%
Magic:  19/19      EV: 22    Int: 11 (18) God:    Trog [******]
Gold:   6980       SH:  0    Dex: 18      Spells: 23/23 levels left

rFire    + . .     SeeInvis .   V - +6 triple sword (protect)
rCold    + . .     Gourm    .   (shield currently unavailable)
rNeg     + . .     Faith    +   K - +0 gold dragon scales
rPois    +         Spirit   .   (helmet unavailable)
rElec    +         Reflect  .   N - +2 cloak "Sotriqai" {+Inv Int+4 Slay+3}
rCorr    .         Harm     .   s - +2 pair of gloves {Dex+3}
MR       ++...     Clarity  +   h - +1 pair of boots of Love and Death {rElec Int+3}
Stlth    ..........             X - amulet "Heat" {Faith +Fly rN+ Int+2}
HPRegen  0.50/turn              Q - ring "Dyamekor" {Str+5 Int+5 Dex+3}
MPRegen  0.16/turn              G - ring of protection from magic

@: about to teleport, silence, glowing
A: retaliatory headbutt, horns 3, camouflage 1, clarity, low mp 1, sturdy frame
1
}: 2/15 runes: barnacled, gossamer
a: Renounce Religion, Evoke Invisibility, Evoke Flight


You were on level 3 of the Abyss.
You worshipped Trog.
Trog was exalted by your worship.
You were not hungry.

You visited 8 branches of the dungeon, and saw 43 of its levels.
You visited the Abyss 3 times.
You also visited: Ossuary, Bailey, Ice Cave and Volcano.

You collected 6980 gold pieces.

Inventory:

Hand Weapons
 b - a +3 great sword of electrocution
 o - a +5 antimagic triple sword
 r - a +2 great sword of holy wrath
 C - a +2 great sword of flaming
 I - a +7 triple crossbow
 U - the +8 hand crossbow of Donesewn {penet, rPois rF+ rC- Int+3}
   (You took it off an orc warrior on level 3 of the Elven Halls)

   Ammo fired by it will pass through the targets it hits, potentially hitting
   all targets in its path until it reaches maximum range.
   It affects your intelligence (+3).
   It protects you from fire.
   It makes you vulnerable to cold.
   It protects you from poison.
 V - a +6 triple sword of protection (weapon)
Missiles
 W - 802 bolts
Armour
 h - the +1 pair of boots of Love and Death (worn) {rElec Int+3}
   (You acquired it on level 2 of the Shoals)

   It affects your intelligence (+3).
   It insulates you from electricity.
 s - a +2 pair of gloves of dexterity (worn)
 v - the +0 pair of gloves of a Gauntlet {Regen+}
   (You acquired it on level 3 of the Shoals)

   It increases your rate of regeneration.
 K - +0 gold dragon scales (worn)
 N - the +2 cloak "Sotriqai" (worn) {+Inv Int+4 Slay+3}
   (You found it on level 3 of the Depths)

   It affects your intelligence (+4).
   It affects your accuracy and damage with ranged weapons and melee attacks
   (+3).
   It lets you turn invisible.
 T - the +2 hat of the Unbroken {MP+9}
   (You acquired it on level 4 of the Depths)

   It affects your magic capacity (+9).
Jewellery
 f - the ring "Suxipp" {+Blink rPois MR- EV-3 Dex+4}
   (You found it on level 11 of the Dungeon)

   [ring of evasion]

   It affects your evasion (-3).
   It affects your dexterity (+4).
   It protects you from poison.
   It affects your resistance to hostile enchantments.
   It lets you blink.
 g - an uncursed ring of resist corrosion
 p - an uncursed ring of protection from fire
 G - a ring of protection from magic (right hand)
 H - an uncursed ring of see invisible
 L - an uncursed ring of positive energy
 O - an uncursed ring of poison resistance
 Q - the ring "Dyamekor" (left hand) {Str+5 Int+5 Dex+3}
   (You acquired it on level 4 of the Spider Nest)

   [ring of intelligence]

   It affects your strength (+5).
   It affects your intelligence (+5).
   It affects your dexterity (+3).
 R - an uncursed ring of protection from cold
 X - the amulet "Heat" (around neck) {Faith +Fly rN+ Int+2}
   (You acquired it on level 2 of the Shoals)

   [amulet of faith]

   It allows you to gain divine favour quickly.
   It affects your intelligence (+2).
   It protects you from negative energy.
   It lets you fly.
Wands
 l - a wand of acid (26)
 D - a wand of paralysis (10)
 J - a wand of digging (10)
Scrolls
 e - 9 scrolls of identify
 i - 3 scrolls of summoning
 m - 9 scrolls of teleportation
 n - 11 scrolls of enchant weapon
 u - 20 scrolls of remove curse
 y - 4 scrolls of fear
 B - 5 scrolls of enchant armour
 M - 4 scrolls of magic mapping
 Y - 6 scrolls of fog
 Z - a scroll of holy word
Potions
 d - 7 potions of agility
 j - 7 potions of brilliance
 k - 6 potions of flight
 q - 4 potions of curing
 t - 9 potions of haste
 w - 3 potions of resistance
 x - 9 potions of mutation
 z - a potion of cancellation
 A - 3 potions of invisibility
 E - 5 potions of might
 F - a potion of magic
 P - 2 potions of ambrosia
Comestibles
 c - 59 rations


   Skills:
 + Level 24.7 Fighting
 O Level 27 Long Blades
 + Level 7.5 Crossbows
 + Level 23.9 Armour
 * Level 20.1 Dodging
 - Level 1.0 Stealth


You had 23 spell levels left.
You didn't know any spells.
Your spell library was empty.

Dungeon Overview and Level Annotations

Branches:
Dungeon (15/15)            Temple (0/1) D:7            Lair (6/6) D:8
 Shoals (4/4) Lair:3       Spider (4/4) Lair:4        Slime (0/5) Lair:6
    Orc (2/2) D:9             Elf (3/3) Orc:2        Vaults (4/5) D:14
  Crypt (0/3) Vaults:3     Depths (5/5) D:15            Zot (0/5) Depths:5

Altars:
Dithmenos
Elyvilon
Gozag
Makhleb
Ru
Uskayaw
Vehumet
Yredelemnul
Zin
The Shining One
Jiyva

Shops:
D:4 **   D:13 }([*%   Orc:1 *   Orc:2 =:**   Elf:1 *   Shoals:1 *   Shoals:2 (?
Vaults:1 *   Vaults:2 *   Depths:4 }=}

Portals:
Hell: Lair:6 Depths:1 Depths:2 Depths:3 Depths:4 Depths:5
Abyss: Depths:4
Pandemonium: Depths:3
Ziggurat: Depths:5
Trove: Vaults:2 (give 4 potions of resistance)

Annotations:
Lair:2 1 exclusion


Innate Abilities, Weirdness & Mutations

You reflexively headbutt those who attack you in melee.
You have a pair of large horns on your head.
Your skin changes colour to match your surroundings (Stealth+).
You possess an exceptional clarity of mind.
Your magical capacity is low. (-10% MP)
Your movements are slightly less encumbered by armour. (ER -2)


Message History

The angel hits you but does no damage. x2
A cacophony of accursed wailing tears at your sanity!
* * * LOW HITPOINT WARNING * * *
You shrug off the repeated paralysis!
The ironheart preserver casts a spell.
The ironheart preserver begins to accept its allies' injuries.
The starcursed mass engulfs you!
* * * LOW HITPOINT WARNING * * *
The vault sentinel blows a loud note on a signal horn!
The angel hits you but does no damage. x2
A large abomination comes into view.
You hear a roar!
You hear a shout!
You can move again.
Okay, then.
As you read the scroll of silence, it crumbles to dust.
A profound silence engulfs you.
The vault sentinel disappears in a puff of smoke!
The ironheart preserver disappears in a puff of smoke!
The angel hits you with a +3 whip of holy wrath!
You die...

#.# v ..#.#. .
..##......# ) .
.....#. .. ##......
# . ##.. .....#.. W
..## .###.#...# .
...#..##§#.x.# #
.#.#.#.#.XX##X#X.#X
##).XX#§5A@XxX4.x>
#..#X##35###XX#...
. ##. .X.X##3 ## #.
.5### (# ##..#....
# ##. ##X# ....
###. . #.# #. .
XX...###. ##
##.X......## #


You could see 10 starcursed masses, an angel, an ancient zyme, a large
abomination, a worldbinder, a neqoxec, a chaos spawn, a small abomination, a
quasit, a white imp and a shadow imp.

Vanquished Creatures
  An ancient lich (Depths:4)
  Mennas (Depths:5)
  A juggernaut (Depths:3)
  Sojobo (Depths:4)
  Boris (Vaults:4)
  Frederick (Depths:3)
  Xtahua (Vaults:4)
  The ghost of ABBCCCDDDD the Peltast, a veteran OpFi of Makhleb (Depths:3)
  The ghost of Dacon the Minotaur Blade, an adept MiGl of Gozag (Vaults:1)
  A golden dragon (Depths:4)
  A caustic shrike (Depths:3)
  2 profane servitors
  4 bone dragons
  Nikola (Elf:2)
  Arachne (Spider:1)
  the Enchantress (Depths:1)
  5 tentacled monstrosities
  6 liches
  2 deep elf master archers (Elf:3)
  3 deep elf blademasters
  3 sphinxes
  Frances (Shoals:1)
  A kraken (Shoals:1)
  9 tentacled starspawn
  A storm dragon (Vaults:4)
  Agnes (Elf:2)
  6 tengu reavers
  4 fire giants
  5 deep elf sorcerers
  The ghost of Nordron the Thaumaturge, an adept GrFE of Vehumet (Elf:1)
  A draconian scorcher (Depths:5)
  11 frost giants
  5 ghost moths
  An iron dragon (Depths:3)
  A draconian stormcaller (Depths:5)
  5 emperor scorpions
  3 deep elf elementalists (Elf:3)
  2 balrugs
  A curse skull (Depths:4)
  3 draconian shifters
  5 vault wardens
  15 very ugly things
  3 spriggan defenders
  11 stone giants
  8 ironheart preservers
  2 reapers
  2 war gargoyles
  12 deep elf demonologists
  3 entropy weavers
  3 vampire knights
  The ghost of Ismib the Severer, a journeyman MiFi of Uskayaw (Lair:5)
  6 deep elf annihilators
  Azrael (Elf:2)
  2 white draconians (Depths:5)
  A black draconian (Depths:5)
  A red draconian (Depths:5)
  11 spark wasps
  10 deep elf death magi
  9 ettins
  3 merfolk javelineers (Shoals:4)
  6 fire dragons
  Josephine (Lair:4)
  11 merfolk impalers
  3 jiangshi (Depths:2)
  8 yaktaur captains
  6 great orbs of eyes
  12 ice dragons
  Harold (D:8)
  5 spriggan air magi
  11 rakshasas
  4 deep elf high priests
  7 hydras
  A vault guard (Vaults:4)
  A monstrous demonspawn (Depths:3)
  2 catoblepae
  7 ogre magi
  An alligator snapping turtle (Shoals:2)
  6 merfolk aquamancers
  3 death knights
  4 merfolk avatars
  26 dancing weapons
  7 tengu warriors
  7 centaur warriors
  9 deep troll shamans
  A satyr (Shoals:3)
  A queen ant (Spider:2)
  25 two-headed ogres
  2 orc high priests
  5 death yaks
  A vampire mage (Depths:2)
  3 spriggan berserkers
  9 deep troll earth magi
  8 thrashing horrors
  5 soul eaters (Depths:4)
  24 deep elf knights
  4 sun demons
  6 hell knights
  5 wretched stars
  6 skeletal warriors (Vaults:3)
  A sea snake (shapeshifter) (Vaults:3)
  3 sixfirhies
  2 spatial maelstroms (Abyss:3)
  A golden dragon zombie (Abyss:2)
  4 iron trolls
  10 wizards
  A shadow demon (Abyss:3)
  3 shadow wraiths
  34 deep trolls
  12 sea snakes
  A golden dragon skeleton (Abyss:3)
  A swamp dragon (shapeshifter) (Abyss:3)
  2 unseen horrors
  6 glowing orange brains
  A lindwurm (shapeshifter) (Vaults:1)
  9 orc knights
  4 phantasmal warriors
  Pikel (D:8)
  4 flayed ghosts
  12 deep elf archers
  7 harpies
  12 ironbrand convokers
  2 obsidian statues
  13 large abominations
  A wolf spider (shapeshifter) (Depths:2)
  A mana viper (Abyss:1)
  3 necromancers
  36 wolf spiders
  14 orb spiders
  61 deep elf magi
  7 orc sorcerers
  A cyclops (shapeshifter) (Elf:3)
  An oklob plant (Shoals:3)
  A tengu skeleton (Vaults:3)
  A frost giant zombie (Vaults:3)
  23 slime creatures
  55 ugly things
  6 fauns
  7 cyclopes
  13 manticores
  3 worldbinders
  A black mamba (Lair:6)
  2 elephants (shapeshifter)
  4 merfolk sirens
  An ice statue (IceCv)
  A frost giant skeleton (Vaults:3)
  8 water nymphs
  2 guardian serpents (shapeshifter)
  Joseph (D:7)
  A fire giant skeleton (Vaults:3)
  Psyche (D:8)
  6 elephants
  A stone giant skeleton (Vaults:3)
  11 vault sentinels
  A rust devil (Abyss:4)
  4 gargoyles
  A molten gargoyle (Volcano)
  An efreet (Abyss:3)
  A spiny frog (shapeshifter) (Depths:2)
  2 apocalypse crabs
  8 smoke demons
  2 hellions
  6 spiny frogs
  2 orange demons (Lair:6)
  6 rime drakes
  A tormentor (Abyss:1)
  35 yaktaurs
  A kobold demonologist (Depths:4)
  4 ice devils
  7 freezing wraiths
  9 demonic crawlers
  9 komodo dragons
  A komodo dragon (shapeshifter) (Elf:1)
  A hellwing (Depths:3)
  2 rime drakes (shapeshifter) (Vaults:3)
  A tengu conjurer (Depths:3)
  30 jumping spiders
  4 red devils
  A silent spectre (Depths:4)
  4 trolls
  A harpy zombie (D:13)
  A meliai (shapeshifter) (D:14)
  Prince Ribbit (D:7)
  A troll (shapeshifter) (Depths:3)
  4 ancient zymes
  A polar bear (shapeshifter) (Vaults:3)
  9 meliai
  23 merfolk
  A queen bee (Lair:6)
  18 polar bears
  13 raiju
  10 snapping turtles
  A wind drake (shapeshifter) (Elf:1)
  12 hornets
  2 dream sheep (Shoals:4)
  32 blink frogs
  9 wind drakes
  15 hippogriffs
  2 spriggans
  33 tarantellas
  An air elemental (Elf:3)
  26 starcursed masses
  3 wyverns
  A vampire (D:15)
  34 redbacks
  3 shadows
  4 ynoxinuls
  65 yaks
  A human (D:10)
  4 fire bats
  11 water elementals
  9 wraiths
  Grum (D:8)
  A basilisk (Lair:3)
  3 fire elementals
  8 neqoxecs
  2 basilisks (shapeshifter)
  3 chaos spawn (Abyss:3)
  A yak (shapeshifter) (Abyss:3)
  4 hogs (D:10)
  A yaktaur simulacrum (Vaults:3)
  4 hungry ghosts
  6 wargs
  12 water moccasins
  7 hell hounds
  21 soldier ants
  An acid dragon (Vaults:2)
  Duvessa (D:4)
  A deep troll skeleton (Vaults:3)
  34 orc warriors
  3 porcupines
  A human zombie (Vaults:3)
  4 ice beasts
  A sky beast (shapeshifter) (D:15)
  A swamp drake (Orc:1)
  A sky beast (D:14)
  3 eyes of draining
  A phantom (D:11)
  A black bear (Lair:1)
  A necrophage (D:9)
  7 boggarts
  24 ogres
  37 wolves
  A centaur (shapeshifter) (D:15)
  An elf skeleton (Vaults:3)
  20 centaurs
  7 human skeletons (Vaults:3)
  20 crocodiles
  17 small abominations
  2 big kobolds (D:12)
  18 bullfrogs
  6 earth elementals
  8 gnoll sergeants (Bailey)
  A water moccasin zombie (D:6)
  Dowan (D:4)
  6 scorpions
  26 killer bees
  An elf simulacrum (Vaults:3)
  A human simulacrum (Vaults:3)
  5 electric eels
  5 crimson imps
  4 centaur zombies
  8 lava snakes
  5 quasits
  8 hounds
  6 gnoll shamans (Bailey)
  21 orc priests
  4 iron imps
  5 jellies
  44 orc wizards
  A bullfrog skeleton (D:9)
  7 centaur skeletons
  Natasha (twice) (D:4)
  7 iguanas
  16 worker ants
  A killer bee zombie (D:10)
  A hound skeleton (D:5)
  3 mummies (Ossuary)
  17 gnolls
  2 worker ant zombies
  6 adders
  3 shadow imps
  16 white imps
  An ooze (D:1)
  3 adder skeletons
  2 adder zombies
  4 worms
  A dart slug (D:2)
  2 leopard geckos
  102 orcs
  A ball python (D:3)
  7 giant cockroaches
  A gnoll zombie (Ossuary)
  5 goblins
  8 hobgoblins
  5 jackals
  9 kobolds
  A quokka (D:9)
  6 bats
  4 frilled lizards
  8 goblin zombies (Ossuary)
  2 hobgoblin zombies (Ossuary)
  A jackal zombie (D:5)
  4 kobold zombies (Ossuary)
  A quokka simulacrum (D:9)
  2 quokka skeletons
  6 rats
  A butterfly (Lair:5)
  A crawling corpse (Elf:3)
  A fire vortex (Lair:1)
  5 plants
  14 starspawn tentacles
  3 tentacles (Shoals:1)
2119 creatures vanquished.

Vanquished Creatures (collateral kills)
  2 golden dragons (Depths:3)
  A frost giant (Depths:2)
  2 deep elf demonologists
  A deep elf annihilator (Elf:3)
  2 deep trolls (Depths:3)
  2 deep elf magi
  A tengu conjurer (Depths:3)
  2 yaktaurs (Depths:3)
  A small abomination (Elf:3)
  2 hell hounds (Elf:2)
  An orc warrior (Elf:3)
17 creatures vanquished.

Vanquished Creatures (others)
  An ironbrand convoker (Vaults:4)
  An orb spider (Spider:2)
  A deep elf mage (Elf:1)
  A moth of wrath (Spider:2)
  A freezing wraith (Vaults:4)
  A human (Depths:4)
  5 soldier ants (Spider:2)
  2 slaves (D:8)
  4 orc wizards
  An orc priest (D:8)
  A shadow imp (D:8)
  3 orcs
  A quokka (D:8)
  A crawling corpse (Elf:3)
  16 fungi
  2 lurking horrors
  17 plants
  13 starspawn tentacles
  13 tentacles (Shoals:1)
85 creatures vanquished.

Grand Total: 2221 creatures vanquished

Notes
Turn   | Place    | Note
-------+----------+-------------------------------------------
     0 | D:1      | Lauz the Minotaur Berserker began the quest for the Orb.
     0 | D:1      | Reached XP level 1. HP: 19/19 MP: 0/0
   567 | D:1      | Reached skill level 4 in Long Blades
   604 | D:1      | Reached XP level 2. HP: 22/27 MP: 1/1
  1164 | D:2      | Found a sacrificial altar of Ru.
  1237 | D:2      | Reached XP level 3. HP: 31/33 MP: 2/2
  1345 | D:2      | Found a basalt altar of Yredelemnul.
  1385 | D:2      | Found a hide-covered altar of Uskayaw.
  1526 | D:2      | Reached ** piety under Trog
  1964 | D:3      | Reached skill level 5 in Long Blades
  2363 | D:3      | Reached XP level 4. HP: 28/41 MP: 3/3
  2639 | D:3      | Noticed a bullfrog
  2644 | D:3      | Killed a bullfrog
  2644 | D:3      | Reached skill level 6 in Long Blades
  2644 | D:3      | Reached XP level 5. HP: 31/47 MP: 4/4
  3030 | D:3      | Reached skill level 1 in Stealth
  3298 | D:4      | Found Vaaz's General Store.
  3341 | D:4      | Noticed Duvessa
  3345 | D:4      | Noticed Dowan
  3353 | D:4      | Killed Dowan
  3353 | D:4      | Reached XP level 6. HP: 47/53 MP: 5/5
  3359 | D:4      | Killed Duvessa
  3359 | D:4      | Reached skill level 7 in Long Blades
  3613 | D:4      | Found a sand-covered staircase.
  3619 | Ossuary  | Entered an ossuary
  3619 | Ossuary  | Noticed a wraith
  3619 | Ossuary  | Noticed a wraith
  3619 | Ossuary  | Noticed a wraith
  3703 | Ossuary  | Reached *** piety under Trog
  3923 | Ossuary  | Noticed a wraith
  3926 | Ossuary  | Killed a wraith
  3926 | Ossuary  | Reached skill level 8 in Long Blades
  3926 | Ossuary  | Reached XP level 7. HP: 60/60 MP: 6/6
  4073 | D:4      | Noticed Natasha
  4080 | D:4      | Killed Natasha
  4165 | D:4      | Reached skill level 5 in Fighting
  4319 | D:4      | Found Rafack Wiesi's General Store.
  4418 | D:4      | Noticed Natasha
  4423 | D:4      | Killed Natasha
  4542 | D:4      | Reached skill level 9 in Long Blades
  5062 | D:5      | Entered Level 5 of the Dungeon
  5160 | D:5      | Found a transporter.
  5174 | D:5      | Found a transporter.
  5224 | D:5      | Reached XP level 8. HP: 50/69 MP: 7/7
  5606 | D:5      | Reached skill level 10 in Long Blades
  6293 | D:6      | Reached skill level 5 in Armour
  6356 | D:6      | Reached skill level 11 in Long Blades
  6477 | D:6      | Reached **** piety under Trog
  6505 | D:6      | Reached XP level 9. HP: 38/78 MP: 8/8
  6967 | D:7      | Found a staircase to the Ecumenical Temple.
  6991 | D:7      | Noticed Prince Ribbit
  7151 | D:7      | Found a glowing golden altar of the Shining One.
  7330 | D:7      | Killed Prince Ribbit
  7330 | D:7      | Reached skill level 12 in Long Blades
  7828 | D:7      | Noticed Joseph
  7845 | D:7      | Killed Joseph
  7977 | D:7      | Reached skill level 13 in Long Blades
  8343 | D:8      | Noticed Pikel
  8360 | D:8      | Killed Pikel
  8360 | D:8      | Reached XP level 10. HP: 50/86 MP: 9/9
  8549 | D:8      | Found a white marble altar of Elyvilon.
  8554 | D:8      | Got a steaming rapier
  8585 | D:8      | Noticed Psyche
  8593 | D:8      | Killed Psyche
  8815 | D:8      | Found a staircase to the Lair.
  8816 | D:8      | Noticed Grum
  8834 | D:8      | Killed Grum
  9008 | D:8      | Reached skill level 14 in Long Blades
  9273 | D:8      | Noticed Harold
  9291 | D:8      | Killed Harold
  9291 | D:8      | Reached skill level 5 in Dodging
  9754 | D:9      | Noticed a cyclops
  9768 | D:9      | Killed a cyclops
  9997 | D:9      | Reached ***** piety under Trog
 10444 | D:9      | Noticed a two-headed ogre
 10453 | D:9      | Killed a two-headed ogre
 10453 | D:9      | Reached XP level 11. HP: 73/95 MP: 10/10
 10601 | D:9      | Found a staircase to the Orcish Mines.
 10652 | D:9      | Received a gift from Trog
 10658 | D:9      | Reached skill level 10 in Armour
 10824 | D:9      | Found a glowing silver altar of Zin.
 10887 | D:9      | Reached skill level 15 in Long Blades
 11215 | D:10     | Entered Level 10 of the Dungeon
 11273 | D:10     | Identified the +5 rapier of Imminent Death {freeze, rC+
                  | Int+3} (You found it on level 8 of the Dungeon)
 12763 | D:11     | Noticed a two-headed ogre
 12800 | D:11     | Killed a two-headed ogre
 13280 | D:11     | Received a gift from Trog
 13354 | D:11     | Noticed a two-headed ogre
 13367 | D:11     | HP: 4/148 [two-headed ogre/+0 giant spiked club (22)]
 13368 | D:11     | Killed a two-headed ogre
 13747 | D:11     | Got a bound silver ring
 13752 | D:11     | Noticed a two-headed ogre
 13761 | D:11     | Killed a two-headed ogre
 13799 | D:11     | Identified 2 scrolls of acquirement
 13806 | D:11     | Identified the cursed ring "Suxipp" {+Blink rPois MR- EV-3
                  | Dex+4} (You found it on level 11 of the Dungeon)
 13943 | D:11     | Reached skill level 10 in Fighting
 14015 | D:11     | Noticed a cyan ugly thing
 14027 | D:11     | Killed a cyan ugly thing
 14027 | D:11     | Reached skill level 16 in Long Blades
 14515 | D:11     | Reached XP level 12. HP: 69/106 MP: 11/11
 14806 | Lair:1   | Entered Level 1 of the Lair of Beasts
 14936 | Lair:1   | Noticed a five-headed hydra
 14947 | Lair:1   | Killed a five-headed hydra
 15613 | Lair:2   | Reached skill level 17 in Long Blades
 15809 | Lair:2   | Gained mutation: You are clumsy. (Dex -2) [potion of
                  | mutation]
 15809 | Lair:2   | Gained mutation: Your movements are slightly less
                  | encumbered by armour. (ER -2) [potion of mutation]
 15809 | Lair:2   | Gained mutation: You have a pair of large horns on your
                  | head. [potion of mutation]
 15813 | Lair:2   | Lost mutation: You are clumsy. (Dex -2) [potion of
                  | mutation]
 15813 | Lair:2   | Lost mutation: You have a pair of large horns on your head.
                  | [potion of mutation]
 15813 | Lair:2   | Gained mutation: Your skin changes colour to match your
                  | surroundings (Stealth+). [potion of mutation]
 15813 | Lair:2   | Gained mutation: You are agile. (Dex +2) [potion of
                  | mutation]
 16355 | Lair:2   | Noticed a five-headed hydra
 16364 | Lair:2   | Killed a two-headed hydra
 16931 | Lair:3   | Noticed a death yak
 16943 | Lair:3   | Killed a death yak
 16952 | Lair:3   | Noticed a death yak
 16959 | Lair:3   | Noticed a death yak
 16979 | Lair:3   | Killed a death yak
 16984 | Lair:3   | Noticed a death yak
 16988 | Lair:3   | Killed a death yak
 16994 | Lair:3   | Killed a death yak
 17170 | Lair:3   | Noticed a seven-headed hydra
 17178 | Lair:3   | Killed a two-headed hydra
 17180 | Lair:3   | Reached XP level 13. HP: 86/116 MP: 8/12
 17264 | Lair:3   | Reached skill level 18 in Long Blades
 17266 | Lair:3   | Received a gift from Trog
 17362 | Lair:3   | Found a radiant altar of Vehumet.
 17383 | Lair:3   | Found a staircase to the Shoals.
 17980 | Lair:4   | Found a dark tunnel.
 17988 | Volcano  | Entered a volcano
 18228 | Volcano  | Found a burning altar of Makhleb.
 18245 | Volcano  | Paralysed by an orc sorcerer for 4 turns
 19032 | Lair:4   | Noticed Josephine
 19040 | Lair:4   | Killed Josephine
 19061 | Lair:4   | Found a hole to the Spider Nest.
 19922 | Lair:5   | Reached skill level 19 in Long Blades
 20175 | Lair:5   | Found a large runed translucent door.
 20177 | Lair:5   | Found a large runed translucent door.
 20524 | Lair:5   | Noticed Ismib's ghost (journeyman MiFi)
 20566 | Lair:5   | Killed Ismib's ghost
 20796 | Lair:6   | Entered Level 6 of the Lair of Beasts
 20878 | Lair:6   | Reached skill level 15 in Armour
 20894 | Lair:6   | Received a gift from Trog
 20899 | Lair:6   | Reached XP level 14. HP: 92/127 MP: 10/13
 21069 | Lair:6   | Found a burning altar of Makhleb.
 21803 | Lair:6   | Found a staircase to the Slime Pits.
 21808 | Lair:6   | Found a viscous altar of Jiyva.
 22605 | Lair:6   | Reached ****** piety under Trog
 22803 | Lair:6   | Received a gift from Trog
 23205 | Lair:6   | Found a gateway to Hell.
 23720 | Orc:1    | Entered Level 1 of the Orcish Mines
 23749 | Orc:1    | Reached skill level 20 in Long Blades
 23850 | Orc:1    | Found Hutiunats's Assorted Antiques.
 23854 | Orc:1    | Found a flagged portal.
 23907 | Bailey   | Entered a bailey
 24904 | Orc:1    | Received a gift from Trog
 25249 | Orc:2    | Entered Level 2 of the Orcish Mines
 25306 | Orc:2    | Found a staircase to the Elven Halls.
 25540 | Orc:2    | Paralysed by an orc sorcerer for 3 turns
 25576 | Orc:2    | Received a gift from Trog
 26023 | Orc:2    | Found Wibeva Emeis's Jewellery Shop.
 26023 | Orc:2    | Found Zeweusak's Book Shop.
 26026 | Orc:2    | Found Muagaav's General Store.
 26029 | Orc:2    | Found Noal's General Store.
 26666 | D:12     | Reached XP level 15. HP: 102/136 MP: 10/14
 26977 | D:12     | Identified the +0 ring mail of Grottiness {rF+}
 27264 | D:13     | Found Ycugeos's General Store.
 27341 | D:13     | Found Lostryof's Food Shop.
 27367 | D:13     | Found Ozookiw's Antique Armour Shoppe.
 27370 | D:13     | Found Disimec's Weapon Emporium.
 27386 | D:13     | Received a gift from Trog
 27703 | D:13     | Found Gugemnic's Gadget Boutique.
 27907 | D:14     | Found a gate to the Vaults.
 28456 | D:15     | Entered Level 15 of the Dungeon
 28509 | D:15     | Found a frozen archway.
 28536 | IceCv    | Entered an ice cave
 28958 | IceCv    | Reached skill level 10 in Dodging
 29011 | IceCv    | Noticed a frost giant
 29020 | IceCv    | Killed a frost giant
 29036 | IceCv    | Received a gift from Trog
 30278 | D:15     | Found a staircase to the Depths.
 31043 | Depths:1 | Entered Level 1 of the Depths
 31659 | Shoals:1 | Entered Level 1 of the Shoals
 31744 | Shoals:1 | Noticed Frances
 32170 | Shoals:2 | Found Cytaifask's Antique Weapon Shop.
 32171 | Shoals:2 | Reached XP level 16. HP: 147/147 MP: 15/15
 32224 | Shoals:2 | Got a vibrating crystal amulet
 32225 | Shoals:2 | Identified the amulet "Heat" {Faith +Fly rN+ Int+2} (You
                  | acquired it on level 2 of the Shoals)
 32230 | Shoals:2 | Got a pair of spiked boots
 32241 | Shoals:2 | Identified the +1 pair of boots of Love and Death {rElec
                  | Int+3} (You acquired it on level 2 of the Shoals)
 32566 | Shoals:2 | Found Deetseb's Magic Scroll Shop.
 32786 | Shoals:2 | Received a gift from Trog
 33612 | Shoals:1 | Found Hoaffuev's Assorted Antiques.
 33634 | Shoals:1 | Killed Frances
 33665 | Shoals:1 | Noticed a kraken
 33724 | Shoals:1 | Killed a kraken
 34216 | Shoals:1 | Reached skill level 21 in Long Blades
 34332 | Shoals:3 | Got a pair of bloodstained gloves
 34343 | Shoals:3 | Identified the +0 pair of gloves of a Gauntlet {Regen+}
                  | (You acquired it on level 3 of the Shoals)
 34722 | Shoals:3 | Found a shadowy altar of Dithmenos.
 34737 | Shoals:3 | Reached skill level 15 in Fighting
 35251 | Shoals:3 | Received a gift from Trog
 36051 | Shoals:4 | Entered Level 4 of the Shoals
 36082 | Shoals:4 | Identified the Disquisition on Earthen Transmigration
 38161 | Shoals:4 | Received a gift from Trog
 38161 | Shoals:4 | Reached XP level 17. HP: 103/156 MP: 16/16
 38378 | Shoals:4 | Got a barnacled rune of Zot
 38755 | Spider:1 | Entered Level 1 of the Spider Nest
 39640 | Spider:2 | Noticed Arachne
 39668 | Spider:1 | Killed Arachne
 40090 | Spider:1 | Received a gift from Trog
 40590 | Spider:2 | Received a gift from Trog
 43111 | Spider:4 | Entered Level 4 of the Spider Nest
 43423 | Spider:4 | Received a gift from Trog
 43922 | Spider:4 | Got an ancient lapis lazuli ring
 43935 | Spider:4 | Identified the ring "Dyamekor" {Str+5 Int+5 Dex+3} (You
                  | acquired it on level 4 of the Spider Nest)
 44303 | Spider:4 | Reached XP level 18. HP: 147/166 MP: 17/17
 44405 | Spider:4 | Received a gift from Trog
 44597 | Spider:4 | Reached skill level 15 in Dodging
 44949 | Spider:4 | Got a gossamer rune of Zot
 45263 | Elf:1    | Entered Level 1 of the Elven Halls
 45686 | Elf:1    | Received a gift from Trog
 45903 | Elf:1    | Noticed a Hell Sentinel
 46511 | Elf:1    | Found a runed translucent gate.
 46511 | Elf:1    | Found a runed translucent gate.
 46511 | Elf:1    | Found a runed translucent gate.
 46512 | Elf:1    | Found an opulent altar of Gozag.
 46512 | Elf:1    | Found Sitoutta's Assorted Antiques.
 46512 | Elf:1    | Noticed Nordron's ghost (adept GrFE)
 46552 | Elf:1    | Killed Nordron's ghost
 46552 | Elf:1    | Reached skill level 22 in Long Blades
 46849 | Elf:1    | Received a gift from Trog
 47079 | Elf:1    | Noticed an Ice Fiend
 47544 | Elf:2    | Noticed Nikola
 47555 | Elf:2    | Killed Nikola
 48220 | Elf:2    | Identified the +0 pair of boots of Lakech {Int+7} (You
                  | acquired it on level 2 of the Elven Halls)
 48471 | Elf:2    | Found a runed translucent gate.
 48471 | Elf:2    | Found a runed translucent gate.
 48471 | Elf:2    | Found a runed translucent gate.
 48715 | Elf:2    | Received a gift from Trog
 48845 | Elf:2    | Noticed Agnes
 48850 | Elf:2    | Killed Agnes
 48919 | Elf:2    | Noticed Azrael
 48934 | Elf:2    | Killed Azrael
 48940 | Elf:2    | Reached XP level 19. HP: 147/177 MP: 18/18
 49614 | Elf:3    | Entered Level 3 of the Elven Halls
 49977 | Elf:3    | Received a gift from Trog
 49999 | Elf:3    | Identified the +8 hand crossbow of Donesewn {penet, rPois
                  | rF+ rC- Int+3}
 50829 | Elf:3    | Identified the +1 robe of the Vaults {Int+6}
 51081 | Elf:3    | Received a gift from Trog
 51173 | Elf:3    | Identified the +5 trident "Gicwituf" {antimagic, Stlth+}
 51218 | Elf:3    | Reached skill level 23 in Long Blades
 51985 | Elf:3    | Identified the Collected Works on Flamy Good Luck
 53028 | Depths:1 | Identified the +3 faerie dragon scales {rN+ rCorr Str-4
                  | Int+4 Stlth+ Clar}
 53028 | Depths:1 | Noticed the Enchantress
 53299 | Depths:1 | Killed the Enchantress
 53574 | Depths:1 | Received a gift from Trog
 53762 | Depths:1 | Reached XP level 20. HP: 189/189 MP: 19/19
 53843 | Depths:1 | Reached skill level 24 in Long Blades
 54312 | Depths:1 | Identified the +2 chain mail of Grace {rElec MR+ Dex-5}
                  | (You found it on level 1 of the Depths)
 55461 | Depths:2 | Received a gift from Trog
 55913 | Depths:2 | HP: 3/191 [stone giant (17)]
 56928 | Depths:2 | Received a gift from Trog
 58197 | Depths:2 | Reached XP level 21. HP: 188/200 MP: 20/20
 58279 | Depths:3 | Noticed Frederick
 58287 | Depths:3 | Received a gift from Trog
 58479 | Depths:3 | Noticed a caustic shrike
 58479 | Depths:3 | Noticed a juggernaut
 58484 | Depths:3 | Noticed a golden dragon
 58490 | Depths:3 | Killed a caustic shrike
 58490 | Depths:3 | Noticed a golden dragon
 58496 | Depths:3 | Killed a juggernaut
 58501 | Depths:3 | Killed a golden dragon
 58501 | Depths:3 | Reached skill level 25 in Long Blades
 58504 | Depths:3 | Killed a golden dragon
 58921 | Depths:3 | Got an ichor-stained cloak
 58932 | Depths:3 | Identified the +2 cloak "Sotriqai" {+Inv Int+4 Slay+3} (You
                  | found it on level 3 of the Depths)
 59071 | Depths:3 | Killed Frederick
 59232 | Depths:3 | Found a runed translucent gate.
 59234 | Depths:3 | Found a runed translucent gate.
 59235 | Depths:3 | Noticed ABBCCCDDDD's ghost (veteran OpFi)
 59236 | Depths:3 | Found a runed translucent gate.
 59247 | Depths:3 | Killed ABBCCCDDDD's ghost
 59305 | Depths:3 | Found a one-way gate leading to the halls of Pandemonium.
 59778 | Depths:4 | Noticed Sojobo
 59787 | Depths:4 | Received a gift from Trog
 59818 | Depths:4 | Killed Sojobo
 60265 | Depths:4 | Noticed a golden dragon
 60273 | Depths:4 | Killed a golden dragon
 60691 | Depths:4 | Found Hirghuroi's Gadget Shoppe.
 60691 | Depths:4 | Found Qaokkini's Jewellery Boutique.
 60692 | Depths:4 | Found Aluarrex's Gadget Shoppe.
 60926 | Depths:4 | Found a one-way gate to the infinite horrors of the Abyss.
 61357 | Depths:4 | Found a runed door.
 61438 | Depths:4 | Reached XP level 22. HP: 213/213 MP: 21/21
 61479 | Depths:4 | Noticed an ancient lich
 61484 | Depths:4 | Killed an ancient lich
 61484 | Depths:4 | Received a gift from Trog
 61528 | Depths:4 | Identified the +0 pair of boots of Redit {Dex+5 Stlth+}
                  | (You found it on level 4 of the Depths)
 61537 | Depths:4 | Identified the +2 hat of the Unbroken {MP+9} (You acquired
                  | it on level 4 of the Depths)
 61691 | Depths:5 | Entered Level 5 of the Depths
 61694 | Depths:5 | Found a gateway to a ziggurat.
 61836 | Depths:5 | Found a gate to the Realm of Zot.
 62045 | Depths:5 | Noticed Mennas
 63013 | Depths:5 | Reached skill level 26 in Long Blades
 63173 | Depths:5 | Killed Mennas
 63493 | Vaults:1 | Entered Level 1 of the Vaults
 64835 | Vaults:1 | Received a gift from Trog
 64896 | Vaults:1 | Reached skill level 1 in Crossbows
 65284 | Vaults:1 | Found a runed translucent gate.
 65284 | Vaults:1 | Found a runed translucent gate.
 65284 | Vaults:1 | Found a runed translucent gate.
 65285 | Vaults:1 | Found an opulent altar of Gozag.
 65286 | Vaults:1 | Noticed Dacon's ghost (adept MiGl)
 65288 | Vaults:1 | Found Qul Fahu's Assorted Antiques.
 65327 | Vaults:1 | Killed Dacon's ghost
 66442 | Vaults:2 | Found Teinkim's General Store.
 66532 | Vaults:2 | Found a portal to a secret trove of treasure.
 66581 | Vaults:2 | Received a gift from Trog
 66597 | Vaults:2 | Paralysed by a sphinx for 3 turns
 66618 | Vaults:2 | Reached skill level 5 in Crossbows
 66937 | Vaults:2 | Reached XP level 23. HP: 200/224 MP: 22/22
 67818 | Vaults:3 | Received a gift from Trog
 68038 | Vaults:3 | Received a gift from Trog
 68081 | Vaults:3 | Found a staircase to the Crypt.
 68084 | Vaults:3 | Received a gift from Trog
 68448 | Vaults:3 | Received a gift from Trog
 68863 | Vaults:3 | Received a gift from Trog
 69055 | Vaults:3 | Received a gift from Trog
 69072 | Vaults:3 | Received a gift from Trog
 69505 | Vaults:4 | Noticed Xtahua
 69512 | Vaults:4 | Noticed Boris
 69515 | Vaults:4 | Killed Xtahua
 69524 | Vaults:4 | Killed Boris
 69814 | Vaults:4 | Received a gift from Trog
 70945 | Depths:4 | Voluntarily entered the Abyss.
 70947 | Abyss:1  | Found a corrupted altar of Lugonu.
 71009 | Abyss:2  | Lost mutation: You are agile. (Dex +2) [a neqoxec]
 71271 | Abyss:4  | Received a gift from Trog
 71298 | Depths:4 | Escaped the Abyss
 71795 | Depths:4 | Voluntarily entered the Abyss.
 71971 | Abyss:2  | Found an ancient bone altar of Kikubaaqudgha.
 72027 | Abyss:3  | Found an iron altar of Okawaru.
 72092 | Abyss:3  | Reached XP level 24. HP: 236/236 MP: 19/19
 72095 | Abyss:3  | Received a gift from Trog
 72127 | Abyss:3  | Reached skill level 27 in Long Blades
 72257 | Abyss:3  | Paralysed by accursed screaming for 1 turns
 72296 | Depths:4 | Escaped the Abyss
 72504 | Depths:4 | Voluntarily entered the Abyss.
 72908 | Abyss:2  | Gained mutation: Your magical capacity is low. (-10% MP) [a
                  | neqoxec]
 72921 | Abyss:2  | Received a gift from Trog
 73136 | Abyss:2  | Received a gift from Trog
 73243 | Abyss:3  | Gained mutation: You possess an exceptional clarity of
                  | mind. [a neqoxec]
 73253 | Abyss:3  | Received a gift from Trog
 73254 | Abyss:3  | Paralysed by accursed screaming for 1 turns
 73266 | Abyss:3  | Paralysed by accursed screaming for 2 turns
 73273 | Abyss:3  | Paralysed by accursed screaming for 2 turns
 73629 | Abyss:3  | Gained mutation: You have a pair of large horns on your
                  | head. [a neqoxec]
 73650 | Abyss:3  | Paralysed by accursed screaming for 2 turns
 73655 | Abyss:3  | Paralysed by accursed screaming for 2 turns
 73656 | Abyss:3  | HP: 10/240 [starcursed mass/accursed screaming (7)]
 73656 | Abyss:3  | HP: 2/240 [starcursed mass (8)]
 73657 | Abyss:3  | Mangled by an angel

Skill      XL: |  1  2  3  4  5  6  7  8  9 10 11 12 13 14 15 16 17 18 19 20 21 22 23 24 |
---------------+-------------------------------------------------------------------------+-----
Long Blades    | 4 5 6 8 9 11 13 14 16 17 19 20 21 22 23 24 25 26 27 | 27.0
Fighting       | 4 5 6 7 8 10 11 12 13 14 15 16 17 18 19 21 22 23 24 | 24.7
Stealth        | 1 |  1.0
Dodging        | 3 4 5 6 8 10 13 14 16 17 18 19 20 | 20.1
Armour         | 4 5 7 9 11 13 15 16 18 19 20 21 22 23 | 23.9
Crossbows      | 5 7 |  7.5

Action                   |  1- 3 |  4- 6 |  7- 9 | 10-12 | 13-15 | 16-18 | 19-21 | 22-24 || total
-------------------------+-------+-------+-------+-------+-------+-------+-------+-------++-------
Melee: Falchion          |    88 |    89 |   264 |       |       |       |       |       ||   441
       Headbutt          |    15 |    20 |    88 |   158 |   340 |   471 |   397 |   464 ||  1953
       Long sword        |       |       |   137 |   387 |    17 |       |       |       ||   541
       Great sword       |       |       |       |   179 |  1209 |  1028 |   116 |       ||  2532
       Rapier            |       |       |       |     4 |       |       |       |       ||     4
       Triple sword      |       |       |       |       |     6 |   211 |   872 |  1171 ||  2260
 Fire: Hand crossbow     |       |       |       |       |       |       |       |   192 ||   192
Invok: Berserk           |       |     2 |     1 |     5 |     2 |     2 |     1 |     1 ||    14
       Trog's Hand       |       |       |       |       |     1 |     1 |     4 |     3 ||     9
       Brothers in Arms  |       |       |       |       |       |     1 |     5 |     1 ||     7
 Abil: Evoke Flight      |       |       |       |       |       |     4 |       |       ||     4
Evoke: Wand              |       |       |     4 |     3 |       |     3 |       |       ||    10
  Use: Scroll            |     7 |     1 |     1 |    14 |    16 |    19 |    16 |    19 ||    93
       Potion            |       |       |       |     2 |     6 |     8 |     2 |    10 ||    28
 Stab: Sleeping          |     1 |       |       |       |       |       |       |       ||     1
       Paralysed         |       |       |       |     2 |       |       |       |       ||     2
       Petrified         |       |       |       |       |     8 |       |       |       ||     8
       Petrifying        |       |       |       |       |     1 |       |       |       ||     1
       Invisible         |       |       |       |       |       |    19 |       |     1 ||    20
       Confused          |       |       |       |       |       |     1 |       |       ||     1
       Distracted        |       |       |       |       |       |       |     1 |       ||     1
  Eat: Chunk             |     1 |     5 |     5 |    30 |    30 |    26 |    23 |    16 ||   136
       Ration            |     1 |       |     5 |     1 |     6 |     9 |     7 |     8 ||    37
Armor: Animal skin       |    15 |       |       |       |       |       |       |       ||    15
       Leather armour    |       |    14 |       |       |       |       |       |       ||    14
       Chain mail        |       |     8 |   142 |   194 |       |       |       |       ||   344
       Plate armour      |       |       |       |    48 |   690 |   839 |   381 |       ||  1958
       Gold dragon scale |       |       |       |       |       |       |    96 |   716 ||   812
Dodge: Dodged            |    40 |    54 |   132 |   267 |   772 |  1218 |   845 |   987 ||  4315
       Rpst.: Falchion   |    11 |    23 |    24 |       |       |       |       |       ||    58
       Long sword        |       |       |    19 |    40 |     2 |       |       |       ||    61
       Great sword       |       |       |       |    23 |   156 |   208 |    15 |       ||   402
       Triple sword      |       |       |       |       |     1 |    23 |   126 |   179 ||   329
